cohdb
Replays
Latest Replays
All Replays
Popular Replays
Top Player Replays
Match Explorer
How It Works
Community
CoH3 Stats
Reddit
Sign in to upload your games and track your stats! →
Sign in with Steam
Match 34023699
Unlisted
Match 34023699
Overview
Messages
Build Orders
End
Panzergrenadier Squad
Panzergrenadier Squad
Construct Light Support Kompanie
MG34 Team
Fire Support Elements
Flakvierling Half-track
Advanced Field Repairs
Vehicle Survival Package
Panzergrenadier Squad
Pak 38 Mechanized Group
Construct Panzerarmee Kommand
Panzer III L Medium Tank
Tungsten Core Ammunition
Rapid Advance
Panzer III L Medium Tank
Selects Armored Support Battlegroup
Selects Veteran Gunners
Selects Flammpanzer III Medium Tank
Selects Command Panzer IV F Medium Tank
Command Panzer IV F Medium Tank
2.5-tonne Medical Truck
Selects Salvage Kits
Selects Panzer Storm
Panzer III L Medium Tank
Emergency Repair Kits
Liquid
twitch.tv/luck22ai
StarkCG
Andrewfang
gUi
eyecarrot19
0
0
Comments
sign in to comment!
No comments posted yet!